 Dungeon Crawl Stone Soup version 0.27-a0-291-gd9602db6ee (webtiles) character file.

Game seed: 9556030958444628255

8207 snetch the Cleaver (level 11, -2/145 HPs)
             Began as a Minotaur Berserker on Feb 8, 2021.
             Was an Elder of Trog.
             Slain by a cyan ugly thing (13 damage)
             ... on level 11 of the Dungeon on Feb 9, 2021.
             The game lasted 00:48:13 (10125 turns).

snetch the Cleaver (Minotaur Berserker)            Turns: 10125, Time: 00:48:13

Health: -2/145     AC: 14    Str: 24    XL:     11   Next: 6%
Magic:  10/10      EV:  9    Int:  4    God:    Trog [****..]
Gold:   333        SH:  0    Dex: 11    Spells: 10/10 levels left

rFire    . . .     SeeInvis .   a - +5 battleaxe (curse)
rCold    . . .     Faith    .   (shield currently unavailable)
rNeg     . . .     Spirit   .   f - +1 plate armour
rPois    .         Reflect  .   (helmet restricted)
rElec    .         Harm     .   (no cloak)
rCorr    +         Rampage  .   (no gloves)
Will     ++...                  i - +1 pair of boots {Fly}
Stlth    ..........             n - amulet of regeneration
HPRegen  1.74/turn              p - ring of resist corrosion
MPRegen  0.12/turn              A - +4 ring of protection

@: berserking (expiring), lethally poisoned (-2 -> -2), corroded, flying,
regenerating, slowed, studying Slings
A: retaliatory headbutt, horns 2
a: Stop Flying, Renounce Religion, Berserk, Trog's Hand, Brothers in Arms


You were on level 11 of the Dungeon.
You worshipped Trog.
Trog was greatly pleased with you.
You visited 2 branches of the dungeon, and saw 12 of its levels.
You also visited: Sewer.

You collected 515 gold pieces.
You spent 182 gold pieces at shops.

Inventory:

Hand Weapons
 a - a cursed +5 battleaxe (weapon)
 b - a +0 hunting sling
 g - a +3 halberd
 t - a cursed +3 morningstar
 F - a +3 scimitar
 J - a cursed +5 great sword
 M - the +3 dagger of Beyond {distort, Int+2}
   (You found it on level 4 of the Dungeon)

   It warps and distorts space around it.
   Unwielding it can cause banishment or high damage.
   It affects your intelligence (+2).
 Q - the +3 great mace of the Twisting Rat {elec, Str+5}
   (You took it off an ogre on level 8 of the Dungeon)

   Occasionally, upon striking a foe, it can discharge electrical energy and
   cause terrible harm.
   It affects your strength (+5).
 V - a +5 hand axe
Missiles
 d - 371 stones
 l - 40 sling bullets
 u - 2 curare-tipped darts
 v - 70 poisoned darts (quivered)
 B - 199 arrows
 D - 9 boomerangs
Armour
 f - a +1 plate armour (worn)
 i - a +1 pair of boots of flying (worn)
 O - a +2 scale mail of cold resistance
Jewellery
 n - an amulet of regeneration (around neck)
 p - a ring of resist corrosion (left hand)
 A - a +4 ring of protection (right hand)
 I - a +4 ring of slaying {unknown}
 T - an uncursed ring of see invisible
Wands
 w - a wand of acid (9)
 y - a wand of iceblast (9)
 H - a wand of random effects (22)
 K - a wand of paralysis (15)
 L - a wand of charming (6)
 R - a wand of flame (2)
Scrolls
 m - a scroll of teleportation {unknown}
 r - 2 scrolls of remove curse
 s - 4 scrolls of magic mapping
 z - 6 scrolls of enchant weapon
 C - 5 scrolls of blinking {unknown}
 N - a scroll of brand weapon {unknown}
 P - 3 scrolls of enchant armour
 S - a scroll of immolation {unknown}
 U - 3 scrolls of random uselessness {unknown}
Potions
 c - 6 potions of lignification {unknown}
 e - a potion of mutation
 h - a potion of resistance
 j - 2 potions of cancellation
 k - 11 potions of curing
 o - a potion of heal wounds
 q - 4 potions of flight {unknown}
 x - a potion of attraction
 E - 4 potions of might
 G - 3 potions of haste


   Skills:
 + Level 9.4 Fighting
 + Level 11.5 Axes
 + Level 9.9 Slings
 + Level 0.7(5.7) Throwing
 + Level 10.5 Armour
 + Level 5.0 Dodging
 + Level 1.2 Stealth
 - Level 3.7 Shields
 + Level 2.2 Evocations


You had 10 spell levels left.
You didn't know any spells.
Your spell library contained the following spells:

 Spells                   Type           Power        Failure   Level
 Magic Dart               Conj           0%           99%         1
 Summon Small Mammal      Summ           0%           99%         1
 Blink                    Tloc           N/A          100%        2
 Call Imp                 Summ           0%           100%        2
 Searing Ray              Conj           0%           100%        2
 Slow                     Hex            0%           100%        2
 Call Canine Familiar     Summ           0%           100%        3
 Conjure Flame            Conj/Fire      0%           100%        3
 Dazzling Flash           Conj/Hex       0%           100%        3
 Mephitic Cloud           Conj/Pois/Air  0%           100%        3
 Summon Guardian Golem    Hex/Summ       0%           100%        3
 Fulminant Prism          Conj/Hex       0%           100%        4
 Iskenderun's Mystic Bla  Conj/Tloc      0%           100%        4
 Summon Ice Beast         Ice/Summ       0%           100%        4
 Summon Lightning Spire   Summ/Air       0%           100%        4


Dungeon Overview and Level Annotations

Branches:
Dungeon (11/15)            Temple (1/1) D:5            Lair (0/6) D:9
  Sewer (visited)
    Orc: D:9-12

Altars:
Ashenzari
Cheibriados
Dithmenos
Elyvilon
Fedhas
Gozag
Hepliaklqana
Kikubaaqudgha
Makhleb
Nemelex Xobeh
Okawaru
Qazlal
Ru
Sif Muna
Trog
Uskayaw
Vehumet
Wu Jian
Xom
Yredelemnul
Zin
The Shining One

Shops:
D:5 [   D:8 !   D:10 [


Innate Abilities, Weirdness & Mutations

You reflexively headbutt those who attack you in melee.
You have a pair of horns on your head.


Message History

* * * LOW HITPOINT WARNING * * *
You can move again.
You barely miss the cyan ugly thing.
Your headbutt misses the cyan ugly thing.
The cyan ugly thing is severely wounded.
You slash the hornet!
You feel sick. The hornet stings you.
* * * LOW HITPOINT WARNING * * *
You feel as though you will be slow longer.
The gnoll barely misses you. The cyan ugly thing closely misses you.
The gnoll sergeant barely misses you.
The gnoll hits you from afar with a +0 spear.
* * * LOW HITPOINT WARNING * * *
The hornet stings you!
* * * LOW HITPOINT WARNING * * *
You feel as though you will be slow longer.
You feel sick. The gnoll hits you but does no damage.
The cyan ugly thing engulfs you.
* * * LOW HITPOINT WARNING * * *
The cyan ugly thing shocks you!
You die...

#.# .#####+#### #.#
..........# #.#
..........# ######.#####
..........# #...........
..........###...........
......gy..'.#.......)...
......gu..#.............
>.....g@..###...........
.......<..# #...........
..........# #...........
###+####### ###########.
.. ##


You could see a cyan ugly thing, a hornet, a gnoll sergeant and 2 gnolls.

Vanquished Creatures
  The ghost of GEC the Transmogrifier, a journeyman OgTm of Qazlal (D:8)
  A two-headed ogre (D:9)
  An ugly thing (D:9)
  An oklob plant (D:9)
  Psyche (D:9)
  A troll (D:9)
  2 wyverns (D:9)
  A wraith (D:10)
  A yak (D:9)
  2 basilisks (D:9)
  Menkaure (D:5)
  An acid dragon (D:11)
  A water moccasin (Sewer)
  An orc warrior (D:10)
  An ice beast (D:6)
  2 necrophages (D:8)
  A black bear (D:9)
  4 centaurs
  A phantom (D:7)
  8 ogres
  2 kobold brigands (D:9)
  6 bullfrogs
  A gnoll sergeant (D:4)
  A scorpion (D:10)
  A water moccasin skeleton (D:5)
  4 killer bees
  13 wights
  5 howler monkeys
  A bullfrog zombie (D:3)
  6 jellies
  3 hounds
  An orc priest (D:8)
  2 centaur skeletons
  4 bullfrog skeletons
  An iguana (D:8)
  8 orc wizards
  6 worker ants
  Ijyb (D:5)
  A killer bee zombie (D:10)
  A hound skeleton (D:10)
  A howler monkey zombie (D:7)
  6 gnolls
  11 adders
  2 white imps
  4 ufetubi
  An ooze (D:1)
  An adder zombie (D:7)
  An adder skeleton (D:7)
  3 worms (D:3)
  2 dart slugs
  9 leopard geckos
  19 orcs
  2 ball pythons
  9 bats
  6 giant cockroaches
  13 goblins
  6 hobgoblins
  13 jackals
  5 quokkas
  7 frilled lizards
  A jackal skeleton (D:4)
  12 kobolds
  A quokka zombie (D:7)
  14 rats
250 creatures vanquished.

Vanquished Creatures (others)
  4 plants
4 creatures vanquished.

Grand Total: 254 creatures vanquished

Notes
Turn   | Place    | Note
-------+----------+-------------------------------------------
     0 | D:1      | snetch the Minotaur Berserker began the quest for the Orb.
     0 | D:1      | Reached XP level 1. HP: 19/19 MP: 0/0
   416 | D:1      | Reached XP level 2. HP: 27/27 MP: 1/1
   424 | D:1      | Reached skill level 4 in Axes
   658 | D:1      | Reached XP level 3. HP: 33/33 MP: 2/2
  1154 | D:3      | Reached ** piety under Trog
  1158 | D:3      | Reached skill level 5 in Axes
  1158 | D:3      | Reached XP level 4. HP: 34/40 MP: 3/3
  1498 | D:2      | Reached XP level 5. HP: 47/47 MP: 4/4
  2454 | D:4      | Reached *** piety under Trog
  2455 | D:4      | Reached skill level 6 in Axes
  2455 | D:4      | Reached XP level 6. HP: 23/53 MP: 5/5
  2562 | D:4      | Found a glowing drain.
  2588 | Sewer    | Entered a sewer
  2619 | Sewer    | Noticed a water moccasin
  2633 | Sewer    | Killed a water moccasin
  2634 | Sewer    | Reached skill level 5 in Fighting
  3161 | D:4      | Reached XP level 7. HP: 53/61 MP: 6/6
  3426 | D:5      | Entered Level 5 of the Dungeon
  3434 | D:5      | Noticed Menkaure
  3439 | D:5      | Killed Menkaure
  3440 | D:5      | Reached skill level 7 in Axes
  3440 | D:5      | Reached skill level 5 in Armour
  3721 | D:4      | Got a faintly glowing dagger
  3868 | D:4      | Identified the +3 dagger of Beyond {distort, Int+2} (You
                  | found it on level 4 of the Dungeon)
  4001 | D:6      | Reached **** piety under Trog
  4002 | D:6      | Reached XP level 8. HP: 70/70 MP: 7/7
  4143 | D:5      | Reached skill level 8 in Axes
  4173 | D:5      | Found a staircase to the Ecumenical Temple.
  4182 | Temple   | Entered the Ecumenical Temple
  4391 | D:5      | Noticed Ijyb
  4398 | D:5      | Killed Ijyb
  4945 | D:5      | Found Xegyn's Armour Emporium.
  5003 | D:6      | Found a shimmering altar of Xom.
  5018 | D:6      | Found an ornate altar of the Wu Jian Council.
  5422 | D:6      | Reached skill level 1 in Slings
  5750 | D:7      | Reached skill level 9 in Axes
  5794 | D:8      | Found Uxkoodd's Distillery.
  5797 | D:8      | Bought a potion of curing for 42 gold pieces
  5797 | D:8      | Bought a potion of heal wounds for 70 gold pieces
  5797 | D:8      | Bought a potion of degeneration for 14 gold pieces
  5797 | D:8      | Bought a potion of might for 56 gold pieces
  6040 | D:7      | Reached XP level 9. HP: 79/79 MP: 8/8
  6129 | D:8      | Found a transporter.
  6129 | D:8      | Noticed GEC's ghost (journeyman OgTm)
  6130 | D:8      | Identified the +3 great mace of the Twisting Rat {elec,
                  | Str+5}
  6150 | D:8      | Found a transporter.
  6378 | D:7      | Reached skill level 1 in Shields
  6432 | D:7      | Reached skill level 1 in Stealth
  6719 | D:7      | Reached skill level 5 in Slings
  7181 | D:8      | Found a bloodstained altar of Trog.
  7368 | D:8      | Reached ***** piety under Trog
  7728 | D:9      | Found a staircase to the Lair.
  7740 | D:9      | Noticed a cyan ugly thing
  7752 | D:9      | Reached skill level 10 in Axes
  7754 | D:9      | HP: 2/121 [cyan ugly thing (14)]
  7758 | D:9      | Killed a cyan ugly thing
  7759 | D:9      | Reached XP level 10. HP: 6/88 MP: 9/9
  7930 | D:9      | Noticed Psyche
  7940 | D:9      | Killed Psyche
  8104 | D:8      | Killed GEC's ghost
  8108 | D:8      | Reached skill level 11 in Axes
  8108 | D:8      | Reached skill level 10 in Armour
  8135 | D:8      | Reached skill level 5 in Dodging
  8179 | D:10     | Entered Level 10 of the Dungeon
  8203 | D:9      | Identified the cursed +1 robe of Catatonia {+Blink Str+8
                  | Int-2 Dex-4}
  8397 | D:9      | Found a stormy altar of Qazlal.
  8397 | D:9      | Noticed an oklob plant
  8465 | D:9      | HP: 3/90 [acid (11)]
  8803 | D:9      | Noticed a two-headed ogre
  8818 | D:9      | Killed a two-headed ogre
  8949 | D:9      | Upgraded the game from 0.27-a0-287-gd4424db430 to
                  | 0.27-a0-291-gd9602db6ee
  9326 | D:9      | Killed an oklob plant
  9327 | D:9      | Reached skill level 1 in Evocations
  9604 | D:10     | Reached XP level 11. HP: 97/97 MP: 10/10
  9780 | D:10     | Found Datzanyo's Armour Shop.
 10113 | D:11     | Noticed a cyan ugly thing
 10123 | D:11     | Paralysed by a hornet for 1 turns
 10125 | D:11     | Slain by a cyan ugly thing

Illustrated notes

Levels and vault maps discovered:
D:1:      mrwooster_arrival_statue, layout_loops_ring, minmay_tromino_i2
D:2:      layout_loops_ring
D:3:      layout_basic, serial_forest, infiniplex_forest_straight_2,
          infiniplex_forest_clump_double, infiniplex_forest_straight_5,
          infiniplex_forest_straight_4, infiniplex_forest_clump_curved,
          infiniplex_forest_clump_diagonal, st_stairs_3
D:4:      layout_loops_ring, portal_sewer_entry_f
D:5:      layout_gridville, minmay_temple_entry_butterflies, serial_shops, shop,
          minmay_manual_moon, uniq_ijyb, uniq_menkaure
D:6:      layout_basic, amethyst_overflow_temple_binary, nicolae_water_bricks
D:7:      layout_basic
D:8:      layout_gridville, serial_shops, nicolae_shop_behind_doors,
          gammafunk_ghost_smash, bloody_trog
D:9:      layout_roguey, david_lair_generic, minivault_16,
          small_statue_intersection, lemuel_oklob_altar, uniq_psyche
D:10:     layout_loops_corners, serial_shops, shop_statue
D:11:     layout_roguey, special_room [special_room_orc], enter_bailey_3,
          minmay_parallelograms
Temple:   regret_index_temple_chain_breaker

Skill      XL: |  1  2  3  4  5  6  7  8  9 10 11 |
---------------+----------------------------------+-----
Axes           | 4 5 6 7 9 10 11 | 11.5
Fighting       | 4 5 7 8 9 |  9.4
Armour         | 3 4 6 7 9 10 | 10.5
Dodging        | 3 4 5 |  5.0
Slings         | 3 7 9 |  9.9
Shields        | 2 3 |  3.7
Stealth        | 1 |  1.2
Evocations     | 1 2 |  2.2
Throwing       | |  0.7

Action                   |  1- 3 |  4- 6 |  7- 9 | 10-12 || total
-------------------------+-------+-------+-------+-------++-------
Melee: Hand axe          |    57 |   209 |   207 |   100 ||   573
       Headbutt          |     6 |    16 |    39 |    34 ||    95
       Battleaxe         |       |       |       |    33 ||    33
 Fire: Hunting sling     |       |       |    69 |   101 ||   170
Throw: Dart              |       |       |     1 |       ||     1
Invok: Berserk           |     1 |     1 |     2 |     2 ||     6
       Trog's Hand       |       |     4 |     2 |     5 ||    11
Evoke: Wand              |       |       |       |    28 ||    28
  Use: Scroll            |       |     6 |     8 |       ||    14
       Potion            |       |       |       |     1 ||     1
Armor: Animal skin       |     2 |       |       |       ||     2
       Ring mail         |    20 |    23 |       |       ||    43
       Scale mail        |       |    61 |     7 |       ||    68
       Robe              |       |     5 |       |       ||     5
       Plate armour      |       |       |   133 |    87 ||   220
Dodge: Dodged            |    41 |   116 |    87 |    48 ||   292
Block: Buckler           |       |       |    22 |    15 ||    37

Table legend: (Time is in decaauts)
 A = Elapsed time spent in this place.
 B = Non-inter-level travel time spent in this place.
 C = Inter-level travel time spent in this place.
 D = Time resting spent in this place.
 E = Time spent auto-exploring this place.
 F = Levels seen in this place.
 G = Mean time per level.
                   A        B        C        D        E       F      G
               +--------+--------+--------+--------+--------+-----+--------+
         Total |  10148 |   9326 |    822 |    260 |   6059 |  13 |  780.6 |
       Dungeon |   9779 |   8976 |    803 |    260 |   5768 |  11 |  889.0 |
        Temple |    162 |    143 |     19 |      0 |    142 |   1 |  162.0 |
         Sewer |    206 |    206 |      0 |      0 |    149 |   1 |  206.0 |
               +--------+--------+--------+--------+--------+-----+--------+

Top non-repeatable levels by time:
     D:9: 1660 daAuts
     D:7: 1179 daAuts
     D:2: 1069 daAuts
     D:8: 988 daAuts
     D:4: 972 daAuts
     D:3: 884 daAuts
     D:1: 843 daAuts
     D:5: 796 daAuts
     D:6: 678 daAuts
    D:10: 671 daAuts
   Sewer: 206 daAuts
  Temple: 162 daAuts
    D:11: 35 daAuts
